AoeStats
← DKT | SGO

Arabia

506134974Analyzed
1v1 RM · 21d ago on Sep 12, 2026· 55m 49s· 2 players
Game mode
Random Map
Map size
Tiny (2 player)
Population
200
Speed
Normal
Resources
Standard
Victory
Conquest
Starting age
Dark Age
Ending age
Imperial Age
RankedLock teamsTeams togetherTeam positionsShared explorationLock speedFull tech treeHidden civsTurbo modeCheats
Victory
Defeat
🇭🇰 Burgundians · Hong Kong SAR China
1446
+14
🇧🇷 Persians · Brazil
1406
-14
DKT | SGO
7:17 Loom
9:33 Feudal Age
10:03 Double-Bit Axe
9:59 Horse Collar
11:16 Man-at-Arms
15:37 Wheelbarrow
15:39 Forging
15:59 Scale Mail Armor
17:13 Fletching
22:08 Castle Age
25:00 Bow Saw
27:07 Bodkin Arrow
34:03 Chain Mail Armor
34:16 Horse Collar
35:00 Gold Mining
34:33 Long Swordsman
35:15 Squires
35:00 Gambesons
35:57 Iron Casting
36:24 Heavy Plow
36:19 Town Watch
36:27 Arson
36:57 Murder Holes
37:26 Gambesons
41:12 Ballistics
42:15 Elite Skirmisher
43:23 Thumb Ring
45:54 Imperial Age
44:12 Padded Archer Armor
44:33 Hand Cart
45:20 Kamandaran
47:14 Chemistry
46:26 Scale Barding Armor
45:47 Crossbowman
46:44 Leather Archer Armor
46:28 Capped Ram
47:05 Light Cavalry
47:56 Bloodlines
47:46 Husbandry
48:08 Chain Barding Armor
48:40 Cavalier
48:44 Heavy Camel Rider
48:44 Hussar
50:54 Plate Barding Armor
52:01 Two-Man Saw
53:18 Blast Furnace
53:07 Leather Archer Armor
53:41 Heavy Scorpion
53:47 Cavalier
soming06
5:40 Loom
9:38 Feudal Age
10:47 Double-Bit Axe
12:20 Arson
15:50 Fletching
16:51 Horse Collar
21:50 Castle Age
20:01 Gold Mining
20:23 Bow Saw
20:45 Scale Mail Armor
21:24 Forging
23:10 Iron Casting
23:17 Squires
23:19 Elite Skirmisher
31:40 Wheelbarrow
34:08 Heavy Plow
37:12 Imperial Age
36:35 Chain Mail Armor
36:21 Padded Archer Armor
37:04 Gold Shaft Mining
39:03 Chemistry
38:34 Hand Cart
40:40 Conscription
43:33 Bodkin Arrow
45:02 Bracer
46:31 Leather Archer Armor
46:46 Plate Mail Armor
46:26 Burgundian Vineyards
46:42 Conscription
53:13 Scale Barding Armor
54:31 Chain Barding Armor
54:32 Elite Coustillier
56:13 Blast Furnace
56:01 Town Watch
56:48 Crop Rotation
Connection lost

Rejoining the realm…

Still unreachable

The connection could not be restored.

Session expired

The server has moved on; the page needs a fresh start.